 Dungeon Crawl Stone Soup version 0.16-a0-702-gf4f471d (webtiles) character file.

9 RobertPalmer the Magician (level 2, 17/17 HPs)
             Began as an Octopode Wanderer on Sept 20, 2014.
             Quit the game on Level 1 of the Dungeon.
             The game lasted 00:01:21 (664 turns).

RobertPalmer the Magician (Octopode Wanderer)        Turns: 664, Time: 00:01:21

HP  17/17        AC  1     Str 10      XL: 2   Next: 12%
MP   9/9         EV 11     Int 14      God:
Gold 22          SH  0     Dex 12      Spells:  1 memorised, 10 levels left

rFire  . . .     SeeInvis .     d - +0 dagger
rCold  . . .     Clarity  .     (no shield)
rNeg   . . .     rCorr    .     (helmet restricted)
rPois  .         rRot     .     (no amulet)
rElec  .         Spirit   .     (no ring)
SustAb .         Warding  .     (no ring)
rMut   .         Stasis   .     (no ring)
Gourm  .                        (no ring)
MR     .....                    (no ring)
                                (no ring)
                                (no ring)
                                (no ring)

@: not resistant to hostile enchantments, unstealthy
A: almost no armour, amphibious, 8 rings, constrict 8, camouflage 1, gelatinous
body 1
a: no special abilities


You were on level 1 of the Dungeon.
You were not hungry.

You visited 1 branch of the dungeon, and saw 1 of its levels.

You collected 22 gold pieces.


Innate Abilities, Weirdness & Mutations

You cannot wear most types of armour.
You are amphibious.
You can wear up to eight rings at the same time.
You can use your tentacles to constrict many enemies at once.
Your skin changes colour to match your surroundings (Stealth).
Your rubbery body absorbs attacks (AC +1).


   Skills:
 - Level 1.0 Throwing
 - Level 5.0 Spellcasting
   Level 1.0 Hexes
   Level 1.0 Charms
 + Level 2.1 Ice Magic
   Level 1.1 Evocations


You had 10 spell levels left.
You knew the following spells:

 Your Spells              Type           Power        Failure   Level  Hunger
z - Freeze                Ice            #...         10%         1    None

Inventory:

Hand weapons
 d - a +0 dagger (weapon)
Comestibles
 f - a bread ration
 i - a rotting chunk of jackal flesh {@*1}
Scrolls
 b - 2 scrolls of teleportation
 e - 3 scrolls of recharging {unknown}
 g - a scroll of random uselessness {unknown}
 h - a scroll of identify {unknown}
Potions
 c - a potion of might {unknown}
Books
 a - a book of Minor Magic

Dungeon Overview and Level Annotations

Branches:
Dungeon (1/15)

Altars:

######.##.##.###.# #.#
......)..............#
#.#
.########.######.###.#
#.# #.# #.# #.#
#.######.# #.#
#........# # #.#
#######[.###.####.#
#.......[...#
#.@........##
#..###.###. #..##. #
#. ...# #. ##..# #.
#... #. #.## . #. .


There were no monsters in sight!


Message History

You completely miss the hobgoblin. The jackal bites you.
The hobgoblin barely misses you. The hobgoblin hits you with a club.
* * * LOW HITPOINT WARNING * * *
The jackal closely misses you.
Found a dagger.
You hit the jackal.
You kill the jackal!
You closely miss the hobgoblin. You grab the hobgoblin.
The hobgoblin closely misses you.
You hit the hobgoblin but do no damage. The hobgoblin closely misses you.
You barely miss the hobgoblin. The hobgoblin hits you with a club.
* * * LOW HITPOINT WARNING * * *
You hit the hobgoblin.
The hobgoblin is lightly wounded.
The hobgoblin hits you with a club.
* * * LOW HITPOINT WARNING * * *
You completely miss the hobgoblin. You squeeze the hobgoblin.
The hobgoblin is heavily wounded.
You constrict the hobgoblin. You hit the hobgoblin.
You kill the hobgoblin!
You start resting.
You smell something rotten. (slot i)
You start resting.
You start resting.
Some of the chunks of flesh in your inventory have rotted away.
HP restored.
g - a scroll labeled PRYSIA TRYOQU Are you sure you want to abandon this character and quit the game? (Confirm with "yes".)

Action                   || total
-------------------------++-------
Melee: Dagger            ||    21
 Cast: Freeze            ||     1
 Stab: Sleeping          ||     1

Vault maps used:
D:1:      lemuel_arrival_lava_pool

Notes
Turn   | Place    | Note
--------------------------------------------------------------
     0 | D:1      | RobertPalmer, the Octopode Wanderer, began the quest for the Orb.
     0 | D:1      | Reached XP level 1. HP: 11/11 MP: 7/7
   344 | D:1      | Reached skill level 2 in Ice Magic
   344 | D:1      | Reached XP level 2. HP: 13/17 MP: 9/9
   664 | D:1      | Quit the game

Vanquished Creatures
  A bat (D:1)
  A giant cockroach (D:1)
  A hobgoblin (D:1)
  2 jackals (D:1)
  A goblin (D:1)
  A kobold (D:1)
  2 rats (D:1)
9 creatures vanquished.
